 Dungeon Crawl Stone Soup version 0.32-a0-872-g59262bdc9b (webtiles) character file.

Game seed: 14354100868521433730

622 Biggs the Shooter (level 7, 50/50 HPs)
             Began as a Coglin Hunter on Mar 30, 2024.
             Quit the game on level 4 of the Dungeon.
             The game lasted 00:06:25 (4251 turns).

Biggs the Shooter (Coglin Hunter)                   Turns: 4251, Time: 00:06:26

Health: 50/50      AC:  5    Str: 11    XL:     7   Next: 46%
Magic:  7/7        EV: 13    Int:  9    God:
Gold:   262        SH:  0    Dex: 19    Spells: 6/6 levels left

rFire   . . .        a - +2 sling {Qiuyue}
rCold   . . .        d - +0 sling {Lukas}
rNeg    . . .        c - +0 leather armour
rPois   .            (no helmet)
rElec   .            r - +0 cloak
rCorr   .            m - +0 pair of gloves
SInv    .            (no boots)
Will    .....        (amulet unavailable)
Stlth   ++           (ring unavailable)
HPRegen 0.28/turn    (ring unavailable)
MPRegen 0.10/turn    (no gizmo)

%: no passive effects
@: no status effects
A: off-hand wielding, slow wielding, warmup strikes, no jewellery
a: Invent Gizmo


You were on level 4 of the Dungeon.
You visited 2 branches of the dungeon, and saw 6 of its levels.

You collected 262 gold pieces.

Inventory:

Hand Weapons
 a - a +2 sling (weapon) {Qiuyue}
 d - a +0 sling (offhand) {Lukas}
Armour
 c - a +0 leather armour (worn)
 m - a +0 pair of gloves (worn)
 r - a +0 cloak (worn)
Scrolls
 b - a scroll of butterflies
 f - 3 scrolls of teleportation
 i - a scroll of vulnerability
 j - 2 scrolls of enchant weapon
 k - 3 scrolls of immolation
 l - a scroll of revelation
Potions
 e - a potion of enlightenment {unknown}
 g - a potion of degeneration {unknown}
 q - 3 potions of curing {unknown}
 s - a potion of heal wounds {unknown}
 t - 2 potions of haste {unknown}
 v - a potion of invisibility {unknown}
 w - 2 potions of lignification {unknown}


   Skills:
 - Level 2.0 Fighting
 - Level 6.6 Ranged Weapons
 + Level 4.8 Dodging
 - Level 0.7 Stealth


You had 6 spell levels left.
You didn't know any spells.
Your spell library was empty.

Dungeon Overview and Level Annotations

Branches:
Dungeon (5/15)             Temple (1/1) D:4

Altars:
Ashenzari
Cheibriados
Dithmenos
Elyvilon
Fedhas
Hepliaklqana
Makhleb
Nemelex Xobeh
Sif Muna
Trog
Uskayaw
Wu Jian
Xom
The Shining One


Innate Abilities, Weirdness & Mutations

You can wield a second weapon in your off-hand.
It takes a long time for you to wield or remove held weapons.
Your first few attacks do less damage.
You cannot equip rings or amulets.


Message History

The gnoll sergeant hits you from afar with a +5 heavy spear!
You hear a shout!
You shoot a sling bullet.
The gnoll sergeant blocks the sling bullet.
You shoot a sling bullet.
The sling bullet hits the gnoll sergeant.
The gnoll sergeant is lightly wounded.
The gnoll sergeant hits you from afar with a +5 heavy spear!
You are too injured to fight recklessly!
Unknown command.
Unknown command.
The gnoll sergeant attacks as it pursues you!
The gnoll sergeant hits you from afar with a +5 heavy spear!
There is a stone staircase leading up here.
You climb upwards.
There is a stone staircase leading down here.
You start resting.
HP restored.
As you read the scroll labelled IHERIH TUNK, it crumbles to dust.
It is a scroll of identify.
f - 3 scrolls of teleportation
As you read the scroll of identify, it crumbles to dust.
i - a scroll of vulnerability
As you read the scroll of identify, it crumbles to dust.
j - 2 scrolls of enchant weapon
As you read the scroll of identify, it crumbles to dust.
l - a scroll of revelation Blink to where?
Press: ? - help, Dir - move target
As you read the scroll labelled QUN NOSUTWIRA, it crumbles to dust.
It was a scroll of blinking.
As you read the scroll labelled EBLET RIEXKEU, it crumbles to dust.
You assume a fearsome visage.
Nothing appears to happen.
It was a scroll of fear.
As you read the scroll labelled QEITOUHIE, it dissolves into smoke.
It was a scroll of fog.
The air fills with toxic fumes!
As you read the scroll labelled YVASMOREAL, it crumbles to dust.
It was a scroll of poison.
Are you sure you want to abandon this character and quit the game? (Confirm with "yes".)

#..#.#............#.....#..
##...#...........§§.#.......
#...§#..........§§§.#.......
###.§§.........§§§§.#.......
#.###§.....###§§§##.....#..
#.# ##§....##§§§#####..###.
#####.§§§§§§§§..## ##.....
#.#...§§§§§§##..# ##......
##...##§§@§####.###.......
##..###§§§## #..##.#.....
#..##§§§§§## ##..#.##...#
##.§§####§§#####....#.....
#§### #§§............... #.#
##§##......#...... ###
#§####....##.....
#§§##......#.###. ###
#..#..#.......#.(


There were no monsters in sight!

Vanquished Creatures
  An ogre (D:4)
  A bombardier beetle (D:4)
  2 hounds
  2 orc priests (D:4)
  A jelly (D:5)
  Jessica (D:2)
  4 iguanas
  An orc wizard (D:3)
  A mummy (D:5)
  2 gnolls (D:5)
  7 adders
  2 ribbon worms
  2 dart slugs (D:5)
  10 orcs
  2 bats (D:3)
  13 endoplasms
  5 giant cockroaches
  9 goblins
  9 hobgoblins
  3 jackals (D:4)
  3 quokkas
  5 ball pythons
  5 frilled lizards
  2 hobgoblin zombies (D:5)
  6 kobolds
  A kobold zombie (D:5)
  An orc zombie (D:5)
  4 rats
105 creatures vanquished.

Notes
Turn   | Place    | Note
-------+----------+-------------------------------------------
     0 | D:1      | Biggs the Coglin Hunter began the quest for the Orb.
     0 | D:1      | Reached XP level 1. HP: 16/16 MP: 1/1
    87 | D:1      | Reached skill level 4 in Ranged Weapons
    87 | D:1      | Reached XP level 2. HP: 22/22 MP: 2/2
   278 | D:1      | Reached XP level 3. HP: 27/27 MP: 3/3
   592 | D:2      | Noticed Jessica
   596 | D:2      | Killed Jessica
   597 | D:2      | Reached skill level 5 in Ranged Weapons
   597 | D:2      | Reached XP level 4. HP: 33/33 MP: 4/4
   968 | D:2      | You fall into a shaft and drop 1 floor!
   974 | D:3      | Found a faded altar of an unknown god.
  1004 | D:3      | Reached XP level 5. HP: 22/38 MP: 5/5
  1971 | D:3      | Reached skill level 6 in Ranged Weapons
  2078 | D:3      | Found a white marble altar of Elyvilon.
  2292 | D:4      | Noticed an ogre
  2299 | D:4      | Killed an ogre
  2300 | D:4      | Reached XP level 6. HP: 44/44 MP: 6/6
  2436 | D:4      | Found a staircase to the Ecumenical Temple.
  2450 | Temple   | Entered the Ecumenical Temple
  3376 | D:5      | Entered Level 5 of the Dungeon
  3386 | D:5      | Reached XP level 7. HP: 44/50 MP: 7/7
  4251 | D:4      | Quit the game

Illustrated notes

Levels and vault maps discovered:
D:1:      psy_arrival_terrarium, layout_basic, minmay_cupped
D:2:      layout_basic, nicolae_hexahallways, uniq_jessica
D:3:      layout_basic, nicolae_elyvilon_temple_path,
          hellmonk_ecumenical_altar_blasted, serial_bayou,
          serial_bayou_lagoon_a, serial_bayou_pond_b, serial_bayou_pond_a,
          serial_bayou_ford_a
D:4:      nicolae_cairo_tiling_large_dashed, layout_layer_cave
D:5:      layout_rooms, kennysheep_mini_moat, minmay_fountain_box,
          minmay_mini_ossuary
Temple:   nicolae_temple_god_jail

Skill      XL: |  1  2  3  4  5  6  7 |
---------------+----------------------+-----
Ranged Weapons | 4 5 6 |  6.6
Dodging        | 3 4 |  4.8
Fighting       | |  2.0
Stealth        | |  0.7

Action                     |  1- 3 |  4- 6 |  7- 9 || total
---------------------------+-------+-------+-------++-------
   Fire: Sling             |   124 |   304 |   144 ||   572
    Use: Scroll            |       |       |     9 ||     9
 Armour: Leather armour    |     3 |    12 |    20 ||    35
  Dodge: Dodged            |     5 |    17 |    15 ||    37

Table legend: (Time is in decaauts)
 A = Elapsed time spent in this place.
 B = Non-inter-level travel time spent in this place.
 C = Inter-level travel time spent in this place.
 D = Time resting spent in this place.
 E = Time spent auto-exploring this place.
 F = Levels seen in this place.
 G = Mean time per level.
                   A        B        C        D        E       F      G
               +--------+--------+--------+--------+--------+-----+--------+
         Total |   4315 |   4158 |    157 |    204 |   3326 |   6 |  719.2 |
       Dungeon |   4314 |   4157 |    157 |    204 |   3326 |   5 |  862.8 |
        Temple |      1 |      1 |      0 |      0 |      0 |   1 |    1.0 |
               +--------+--------+--------+--------+--------+-----+--------+

Top non-repeatable levels by time:
     D:4: 1395 daAuts
     D:3: 995 daAuts
     D:2: 862 daAuts
     D:5: 628 daAuts
     D:1: 431 daAuts
  Temple: 1 daAuts
